 Dungeon Crawl Stone Soup version 0.22-a0-253-gf9d0ce5 (webtiles) character file.

7437 kuniqs the Protected (level 10, -7/94 HPs)
             Began as a Deep Dwarf Fighter on Mar 3, 2018.
             Was a Priest of Makhleb.
             Killed from afar by a deep elf mage (18 damage)
             ... with a stone arrow
             ... in a bailey.
             The game lasted 00:12:01 (6569 turns).

kuniqs the Protected (Deep Dwarf Fighter)           Turns: 6569, Time: 00:12:01

Health: -7/94      AC: 15    Str: 23    XL:     10   Next: 93%
Magic:  10/10      EV: 11    Int: 12    God:    Makhleb [***...]
Gold:   465        SH: 11    Dex:  7    Spells: 9/9 levels left

rFire    + . .     SeeInvis +   i - +2 dagger (elec)
rCold    + . .     Gourm    .   c - +0 shield
rNeg     . . .     Faith    .   q - +2 scale mail {rPois}
rPois    +         Spirit   .   (no helmet)
rElec    .         Reflect  .   (no cloak)
rCorr    .         Harm     .   h - +0 pair of gloves
MR       +....                  (no boots)
Stlth    ..........             (no amulet)
HPRegen  0.00/turn              I - ring "Janadext" {rF+ rC+ Int+3 Dex-5 SInv}
MPRegen  0.12/turn              r - +4 ring of protection

@: non-regenerating
A: damage resistance, heal wounds, sense surroundings 2, no regeneration
a: Heal Wounds, Minor Destruction, Lesser Servant of Makhleb, Renounce Religion


You were in a bailey.
You worshipped Makhleb.
Makhleb was most pleased with you.
You were hungry.

You visited 2 branches of the dungeon, and saw 10 of its levels.
You also visited: Ossuary and Bailey.

You collected 465 gold pieces.

Inventory:

Hand Weapons
 a - a +0 war axe
 i - a +2 dagger of electrocution (weapon)
 w - a +2 flail of holy wrath
Armour
 c - a +0 shield (worn)
 h - a +0 pair of gloves (worn)
 q - a +2 scale mail of poison resistance (worn)
Jewellery
 p - an uncursed ring of ice
 r - a +4 ring of protection (right hand)
 E - an uncursed ring of poison resistance
 I - the ring "Janadext" (left hand) {rF+ rC+ Int+3 Dex-5 SInv}
   (You found it on level 8 of the Dungeon)

   [ring of see invisible]

   It affects your intelligence (+3).
   It affects your dexterity (-5).
   It protects you from fire.
   It protects you from cold.
   It lets you see invisible.
Wands
 b - a wand of digging (14)
 m - a wand of iceblast (12)
 s - a wand of flame (6)
 t - a wand of random effects (28)
 B - a wand of paralysis (18)
Scrolls
 e - 3 scrolls of remove curse {@r2}
 g - 3 scrolls of immolation
 j - a scroll of fear
 k - 2 scrolls of fog
 n - a scroll of enchant weapon {unknown}
 o - 3 scrolls of teleportation {unknown}
 y - 2 scrolls of random uselessness {unknown}
 D - a scroll of amnesia {unknown}
 F - a scroll of summoning {unknown}
Potions
 d - 3 potions of might
 u - 4 potions of curing {@q1}
 v - 3 potions of haste
 x - a potion of flight
 z - 4 potions of lignification
 A - a potion of heal wounds
 C - a potion of invisibility
 G - a potion of agility
 H - a potion of mutation
Comestibles
 f - 12 rations
 l - 4 chunks of flesh


   Skills:
 + Level 7.2 Fighting
 + Level 8.2 Axes
 + Level 8.6 Armour
 + Level 7.8 Dodging
 + Level 8.6 Shields
 - Level 6.0 Invocations


You had 9 spell levels left.
You didn't know any spells.

Dungeon Overview and Level Annotations

Branches:
Dungeon (9/15)             Temple (1/1) D:6            Lair (0/6) D:9
    Orc: D:9-12

Altars:
Ashenzari
Cheibriados
Dithmenos
Elyvilon
Fedhas
Hepliaklqana
Kikubaaqudgha
Makhleb
Nemelex Xobeh
Okawaru
Qazlal
Sif Muna
Trog
Uskayaw
Vehumet
Wu Jian
Xom
Yredelemnul
Zin
The Shining One

Annotations:
D:2 1 runed door


Innate Abilities, Weirdness & Mutations

You are resistant to damage.
You can heal yourself by infusing magical energy.
You passively map the area around you.
You do not regenerate.


Message History

The deep elf mage points at you and mumbles some strange words.
The bolt of magma hits you! You partially resist.
* * * LOW HITPOINT WARNING * * *
A deep elf mage comes into view. It is wielding a long sword.
Your magical essence is drained by the effort!
You feel much better.
The earth elemental hits you but does no damage.
You block the deep elf mage's attack.
You block the earth elemental's attack. x2
You hit the deep elf mage.
The earth elemental disappears in a puff of smoke!
The deep elf mage casts a spell.
The deep elf mage blinks!
The deep elf mage hits you but does no damage.
You closely miss the deep elf mage. The earth elemental hits you!!
* * * LOW HITPOINT WARNING * * *
The earth elemental hits you.
* * * LOW HITPOINT WARNING * * *
The deep elf mage gestures at you while chanting.
The stone arrow hits you!
You die...

** ##..,* , +
#.... ,, *
#.... ,, ,* ,
* * .... , ,,
* , , * .§#
** * #'#####
* * ,#....##
, , #...Ee#,,
, , , #..e§@#
, * ,, *
,,,#...E.# **
+ , *##...###
*, *
####)##).##
,##...##....#
,
#...).#....#
* ,
#..∩..##..##
##...######
#####


You could see 2 earth elementals and 2 deep elf magi.

Vanquished Creatures
  The ghost of CLM the Cleaver, a novice HOFi of Qazlal (D:8)
  The ghost of kuniqs the Covered, a novice DDFi of Makhleb (D:7)
  Pikel (D:5)
  4 deep elf magi (Bailey)
  Prince Ribbit (D:6)
  A hippogriff (D:7)
  2 wyverns (D:8)
  Menkaure (D:4)
  Edmund (D:3)
  A sky beast (D:6)
  A black bear (D:6)
  3 orc warriors
  A phantom (D:5)
  An ogre (D:8)
  2 centaurs
  Blork the orc (D:5)
  2 big kobolds
  4 bullfrogs
  A water moccasin zombie (Ossuary)
  2 scorpions
  5 killer bees (D:7)
  3 wights (D:9)
  3 howler monkeys
  2 crimson imps
  A quasit (D:8)
  A bullfrog zombie (D:7)
  3 hounds
  3 jellies
  An orc priest (D:7)
  7 orc wizards
  A bullfrog skeleton (D:5)
  Ijyb (D:3)
  2 iguanas
  Natasha (thrice) (D:3)
  7 worker ants
  A killer bee zombie (D:9)
  2 big kobold zombies (Ossuary)
  A hound skeleton (D:7)
  2 mummies (Ossuary)
  A howler monkey zombie (D:7)
  6 gnolls
  A worker ant zombie (D:7)
  9 adders
  4 shadow imps
  An ooze (D:1)
  7 adder zombies
  2 worms
  A dart slug (D:3)
  3 leopard geckos
  30 orcs
  3 ball pythons
  4 giant cockroaches
  4 gnoll zombies (Ossuary)
  12 goblins
  8 hobgoblins
  15 jackals
  19 kobolds
  A quokka (D:3)
  6 bats
  12 frilled lizards
  4 hobgoblin zombies (Ossuary)
  2 kobold zombies (Ossuary)
  A leopard gecko skeleton (D:7)
  5 orc zombies (Ossuary)
  A quokka skeleton (D:5)
  8 rats
  A fungus (D:2)
252 creatures vanquished.

Vanquished Creatures (others)
  A jelly (D:8)
  A quokka (D:5)
  4 fungi (D:9)
6 creatures vanquished.

Grand Total: 258 creatures vanquished

Notes
Turn   | Place    | Note
-------+----------+-------------------------------------------
     0 | D:1      | kuniqs the Deep Dwarf Fighter began the quest for the Orb.
     0 | D:1      | Reached XP level 1. HP: 20/20 MP: 1/1
   168 | D:1      | Reached XP level 2. HP: 22/27 MP: 2/2
   406 | D:1      | Reached skill level 1 in Dodging
   682 | D:2      | Reached XP level 3. HP: 22/34 MP: 3/3
   688 | D:2      | Reached XP level 4. HP: 37/42 MP: 4/4
   799 | D:2      | Found a basalt altar of Yredelemnul.
   859 | D:2      | Found a hazy altar of Hepliaklqana.
  1230 | D:2      | Found a runed door.
  1311 | D:3      | Found a shadowy altar of Dithmenos.
  1376 | D:3      | Reached XP level 5. HP: 47/49 MP: 5/5
  1397 | D:3      | Noticed Natasha
  1419 | D:3      | Killed Natasha
  1431 | D:3      | Noticed Natasha
  1446 | D:3      | Killed Natasha
  1547 | D:3      | Noticed Ijyb
  1586 | D:3      | Killed Ijyb
  1709 | D:3      | Noticed Natasha
  1710 | D:3      | Found an ornate altar of the Wu Jian Council.
  1717 | D:3      | Killed Natasha
  1717 | D:3      | Reached XP level 6. HP: 42/57 MP: 6/6
  1767 | D:3      | Found a shattered altar of Ashenzari.
  1804 | D:3      | Found a deep blue altar of Sif Muna.
  1806 | D:3      | Found a glowing silver altar of Zin.
  1819 | D:3      | You fall through a shaft for 3 floors!
  1867 | D:6      | Noticed Prince Ribbit
  1936 | D:5      | Entered Level 5 of the Dungeon
  1953 | D:4      | Noticed Edmund
  2006 | D:3      | Killed Edmund
  2091 | D:4      | Reached XP level 7. HP: 54/64 MP: 7/7
  2312 | D:4      | Found a blossoming altar of Fedhas.
  2315 | D:4      | Found an ancient bone altar of Kikubaaqudgha.
  2326 | D:4      | Noticed Menkaure
  2335 | D:4      | Killed Menkaure
  2335 | D:4      | Reached skill level 5 in Armour
  2335 | D:4      | Reached skill level 5 in Shields
  2742 | D:5      | Noticed Blork the orc
  2768 | D:5      | Killed Blork the orc
  2896 | D:5      | Reached XP level 8. HP: 63/73 MP: 8/8
  2903 | D:5      | Reached skill level 5 in Axes
  3119 | D:5      | Noticed Pikel
  3151 | D:5      | Killed Pikel
  3151 | D:5      | Reached skill level 5 in Fighting
  3151 | D:5      | Reached skill level 5 in Dodging
  3535 | D:6      | Gained mutation: You passively map the area around you. [Deep Dwarf growth]
  3535 | D:6      | Reached XP level 9. HP: 61/81 MP: 8/8
  3552 | D:6      | Found a staircase to the Ecumenical Temple.
  3561 | Temple   | Entered the Ecumenical Temple
  3689 | Temple   | Became a worshipper of Makhleb the Destroyer
  3830 | D:6      | Found an iron altar of Okawaru.
  4044 | D:6      | Reached skill level 1 in Invocations
  4066 | D:6      | Killed Prince Ribbit
  4306 | D:7      | Noticed kuniqs's ghost (novice DDFi)
  4352 | D:7      | Killed kuniqs's ghost
  4537 | D:7      | Found a sand-covered staircase.
  4542 | Ossuary  | Entered an ossuary
  4598 | Ossuary  | Reached * piety under Makhleb
  5004 | D:7      | Reached XP level 10. HP: 77/92 MP: 11/11
  5353 | D:8      | Reached ** piety under Makhleb
  5571 | D:8      | Got a steaming tin ring
  5573 | D:8      | Identified the ring "Janadext" {rF+ rC+ Int+3 Dex-5 SInv} (You found it on level 8 of the Dungeon)
  5607 | D:8      | Noticed CLM's ghost (novice HOFi)
  5669 | D:8      | Killed CLM's ghost
  5669 | D:8      | Reached skill level 5 in Invocations
  5713 | D:8      | Found a radiant altar of Vehumet.
  6429 | D:9      | Found a flagged portal.
  6455 | Bailey   | Entered a bailey
  6461 | Bailey   | Noticed a deep elf mage
  6482 | Bailey   | Killed a deep elf mage
  6494 | Bailey   | Noticed a deep elf mage
  6495 | Bailey   | Noticed a deep elf mage
  6496 | Bailey   | Noticed a deep elf mage
  6508 | Bailey   | Noticed a deep elf mage
  6517 | Bailey   | Killed a deep elf mage
  6521 | Bailey   | Killed a deep elf mage
  6532 | Bailey   | Killed a deep elf mage
  6532 | Bailey   | Reached *** piety under Makhleb
  6564 | Bailey   | Noticed a deep elf mage
  6567 | Bailey   | Noticed a deep elf mage
  6569 | Bailey   | Killed from afar by a deep elf mage

Vault maps used:
D:1:      sevenhm_arrival_forest_fort_large_1
D:2:      grunt_temple_overflow_open, first_ration, st_stairs_11,
          uniq_crazy_yiuf_cottage
D:3:      nicolae_overflow_hidden_temple, old_standard_altar, marbit_many_paths,
          serial_bayou_ford_a, hangedman_abyss_or_decor_stabs,
          lemuel_statue_altar, uniq_ijyb, uniq_natasha
D:4:      grunt_temple_overflow_growth_and_decay, corexii_checkpoint_a,
          uniq_edmund, uniq_menkaure
D:5:      minmay_stone_trees_large, minmay_joined_circles, uniq_blork_the_orc,
          uniq_pikel
D:6:      okawaru_ov_weapons_minmay, minmay_temple_entry_trees,
          uniq_prince_ribbit1
D:7:      enter_ossuary_5
D:8:      kennysheep_ambush_hall, fiery_altar_vehumet
D:9:      overflow_temple_1_default, grunt_lair_entry_orc_guard_hut,
          enter_bailey_3
Temple:   minmay_temple_curvy_loop
Ossuary:  ossuary_tomb_2
Bailey:   bailey_polearm_3, bailey

Skill      XL: |  1  2  3  4  5  6  7  8  9 10 |
---------------+-------------------------------+-----
Dodging        | 1 2 3 4 5 6 7 |  7.8
Fighting       | 3 4 5 6 7 |  7.2
Axes           | 3 4 6 7 8 |  8.2
Shields        | 4 5 6 7 8 |  8.6
Armour         | 4 5 6 7 8 |  8.6
Invocations    | 4 6 |  6.0

Action                   |  1- 3 |  4- 6 |  7- 9 | 10-12 || total
-------------------------+-------+-------+-------+-------++-------
Melee: War axe           |    91 |    16 |    18 |       ||   125
       Mace              |       |   233 |       |       ||   233
       Flail             |       |    35 |   557 |   280 ||   872
       Dagger            |       |       |       |    85 ||    85
 Abil: Heal Wounds       |     1 |     5 |    19 |    13 ||    38
Evoke: Wand              |       |     8 |       |       ||     8
  Use: Scroll            |       |       |     2 |    14 ||    16
  Eat: Chunk             |       |     5 |    11 |     2 ||    18
       Ration            |       |       |       |     1 ||     1
Armor: Scale mail        |    85 |   199 |   292 |   176 ||   752
Dodge: Dodged            |    63 |   152 |   314 |   175 ||   704
Block: Shield            |    66 |   221 |   431 |   244 ||   962

Table legend:
 A = Spawn XP
 B = Non-spawn XP
 C = Spawn XP percentage of total XP
 D = Spawn monster count
 E = Non-spawn monster count
 F = Spawn count percentage of total count
 G = Total turns spent on level
                    A         B        C        D         E        F      G
               +---------+---------+-------+---------+---------+-------+---------
         Total |       0 |   10625 |   0.0 |       0 |     251 |   0.0 |  6569
               +---------+---------+-------+---------+---------+-------+---------
           D:1 |       0 |      33 |   0.0 |       0 |      20 |   0.0 |   670
           D:2 |       0 |     119 |   0.0 |       0 |      28 |   0.0 |   603
           D:3 |       0 |     408 |   0.0 |       0 |      28 |   0.0 |   605
           D:4 |       0 |     440 |   0.0 |       0 |      24 |   0.0 |   728
           D:5 |       0 |    1467 |   0.0 |       0 |      36 |   0.0 |   748
           D:6 |       0 |     921 |   0.0 |       0 |      14 |   0.0 |   811
           D:7 |       0 |    2014 |   0.0 |       0 |      28 |   0.0 |   793
           D:8 |       0 |    2358 |   0.0 |       0 |      29 |   0.0 |   987
           D:9 |       0 |     407 |   0.0 |       0 |      15 |   0.0 |   199
       Ossuary |       0 |     212 |   0.0 |       0 |      25 |   0.0 |   171
        Bailey |       0 |    2246 |   0.0 |       0 |       4 |   0.0 |   114
               +---------+---------+-------+---------+---------+-------+---------
